 Dungeon Crawl Stone Soup version 0.30-a0-965-g42e074c17a (webtiles) character file.

Game seed: 6093945738073634502

312 billz999 the Chiller (level 6, 0/28 HPs)
             Began as a Vine Stalker Ice Elementalist on Mar 30, 2023.
             Slain by a jelly (2 damage)
             ... on level 4 of the Dungeon.
             The game lasted 00:07:19 (3127 turns).

billz999 the Chiller (VSIE)                         Turns: 3127, Time: 00:07:20

Health: 0/28       AC: -18   Str:  9    XL:     6   Next: 42%
Magic:  0/13       EV: 12    Int: 22    God:
Gold:   219        SH:  5    Dex: 19    Spells: 5/13 levels left

rFire   . . .      SeeInvis .    f - +0 dagger
rCold   . . .      Faith    .    (no shield)
rNeg    . . .      Spirit   +    a - +0 robe
rPois   .          Reflect  +    (no helmet)
rElec   .          Rampage  .    (no cloak)
rCorr   .                        (no gloves)
Will    .....                    (no boots)
Stlth   ++                       c - amulet of reflection
HPRegen 1.04/turn                l - +6 ring of intelligence
MPRegen 0.13/turn                (no ring)

@: brilliant, corroded
A: fangs 2, regeneration 1, magic shield, antimagic bite, no potion heal 2,
agile 1, wild magic 1
a: no special abilities


You were on level 4 of the Dungeon.
You visited 1 branch of the dungeon, and saw 4 of its levels.

You collected 219 gold pieces.

Inventory:

Hand Weapons
 f - a +0 dagger (weapon)
Armour
 a - a +0 robe (worn)
Jewellery
 c - an amulet of reflection (around neck)
 l - a +6 ring of intelligence (left hand)
 u - a ring of fire
Wands
 m - a wand of iceblast (6)
Scrolls
 d - 5 scrolls of identify {unknown}
 e - 2 scrolls of immolation {unknown}
 i - a scroll of silence {unknown}
 j - a scroll of poison
 n - a scroll of summoning
 q - a scroll of teleportation {unknown}
 r - 2 scrolls of amnesia {unknown}
 s - a scroll of magic mapping {unknown}
 y - a scroll of blinking {unknown}
Potions
 b - 2 potions of magic
 g - 2 potions of brilliance
 k - 2 potions of mutation
 o - 2 potions of might {unknown}
 p - a potion of lignification {unknown}
 t - a potion of haste {unknown}
 v - a potion of flight {unknown}
 w - a potion of degeneration {unknown}
 x - a potion of heal wounds {unknown}


   Skills:
 - Level 0.3 Short Blades
 - Level 1.5 Dodging
 - Level 2.4 Stealth
 + Level 4.0 Spellcasting
 - Level 6.6 Ice Magic


You had 5 spell levels left.
You knew the following spells:

 Your Spells              Type           Power      Damage    Failure   Level
a - Freeze                Ice            100%       1d10      1%          1
b - Frozen Ramparts       Ice            100%       1d16      4%          3
c - Summon Ice Beast      Ice/Summ       37%        N/A       36%         4

Your spell library contained the following spells:

 Spells                   Type           Power      Damage    Failure   Level
 Ozocubu's Armour         Ice            60%        N/A       4%          3


Dungeon Overview and Level Annotations

Branches:
Dungeon (4/15)
 Temple: D:4-7

Altars:

Shops:
D:2 :   D:4 :


Innate Abilities, Weirdness & Mutations

You have extremely sharp teeth.
Your natural rate of healing is unusually fast.
When hurt, damage is shared between your health and your magic reserves.
Your bite disrupts and absorbs the magic of your enemies.
Potions cannot restore your health.
You are agile. (Dex +4, Str/Int -1)
Your spells are a little harder to cast, but a little more powerful.


Message History

It was a potion of brilliance.
You feel clever all of a sudden. The jelly barely misses you.
It was a potion of mutation.
You feel extremely strange.
You feel less in control of your magic.
You feel agile. You block the jelly's attack.
The jelly attacks as you move away! The jelly closely misses you.
The jelly attacks as you move away! The jelly hits you. The acid corrodes you!
You are splashed with acid!
It was a potion of ambrosia.
You are confused.
Your system rejects the healing.
You feel invigorated. The jelly hits you. The acid corrodes you!
You are splashed with acid.
Okay, then.
You are too confused!
You bump into the rock wall.
The jelly hits you. The acid corrodes you!
You are splashed with acid!
* * * LOW HITPOINT WARNING * * *
You bump into the rock wall.
The jelly hits you.
You are splashed with acid.
* * * LOW HITPOINT WARNING * * *
The jelly closely misses you. The jelly completely misses you.
You bump into the rock wall.
The jelly barely misses you.
You are too confused!
Unknown command.
You are too confused!
Unknown command.
You bump into the rock wall.
You feel less invigorated.
You feel less confused. The jelly hits you. The acid corrodes you!
You are splashed with acid!
* * * LOW HITPOINT WARNING * * *
Okay, then.
The air fills with toxic fumes!
As you read the scroll labelled CEPPOS NORA, it crumbles to dust.
It was a scroll of poison.
The jelly hits you.
You are splashed with acid!
* * * LOW HITPOINT WARNING * * *
As you read the scroll labelled ASEHIUZ KEAGH, it crumbles to dust.
Wisps of shadow whirl around you...
It was a scroll of summoning.
The jelly hits you.
You die...

...........# .#.#.#...... #.#
#.#####.# .#. . ......... .#§####
.#.#####.# ..§§§. #. #.. #..#J###
#.. #..#§§l# #.. #..#.#@# #.#
#..#.#J# [# #.# ###
#######....B§###.### #.# ≈≈≈.
≈≈#.....#§#§§.....# #.#
≈#?..#≈#######§#§§...#.# #.#
≈..)..≈####..§.#§###...# #
.......'..#.####§§....#########.#
≈..?..≈##.#.# #§§...........##.#
≈#...#≈#..#.####......#### #.##..


You could see a jelly (ally target), a friendly iguana (summoned), a friendly
endoplasm (summoned) and a friendly giant cockroach (summoned).

Vanquished Creatures
  A black bear (D:4)
  2 sleepcaps (D:4)
  2 hounds
  Jessica (D:2)
  3 adders
  A worm (D:2)
  A dart slug (D:1)
  5 ball pythons
  8 endoplasms
  4 giant cockroaches
  5 goblins
  2 hobgoblins
  4 jackals (D:4)
  A quokka (D:3)
  2 bats
  4 frilled lizards
  5 kobolds
  3 rats
54 creatures vanquished.

Notes
Turn   | Place    | Note
-------+----------+-------------------------------------------
     0 | D:1      | billz999 the Vine Stalker Ice Elementalist began the quest
                  | for the Orb.
     0 | D:1      | Reached XP level 1. HP: 9/9 MP: 4/4
   300 | D:1      | Reached XP level 2. HP: 13/13 MP: 1/6
   800 | D:1      | Found a faded altar of an unknown god.
  1221 | D:2      | Reached XP level 3. HP: 13/16 MP: 4/8
  1303 | D:2      | Learned a level 3 spell: Frozen Ramparts
  1441 | D:2      | Noticed Jessica
  1444 | D:2      | Found Ane Eloo's Book Shoppe.
  1448 | D:2      | Killed Jessica
  1509 | D:2      | Gained mutation: Your natural rate of healing is unusually
                  | fast. [Vine Stalker growth]
  1509 | D:2      | Reached XP level 4. HP: 21/21 MP: 10/10
  2237 | D:3      | Reached skill level 5 in Ice Magic
  2237 | D:3      | Reached XP level 5. HP: 24/24 MP: 7/12
  2706 | D:4      | Found Caocie's Book Shoppe.
  2942 | D:4      | Noticed a black bear
  2956 | D:4      | Reached skill level 6 in Ice Magic
  2956 | D:4      | Killed a black bear
  2957 | D:4      | Reached XP level 6. HP: 19/28 MP: 1/13
  3060 | D:4      | Learned a level 4 spell: Summon Ice Beast
  3103 | D:4      | Gained mutation: Your spells are a little harder to cast,
                  | but a little more powerful. [potion of mutation]
  3103 | D:4      | Gained mutation: You are agile. (Dex +4, Str/Int -1)
                  | [potion of mutation]
  3126 | D:4      | HP: 1/28 [acid (6)]
  3127 | D:4      | Slain by a jelly

Illustrated notes

Levels and vault maps discovered:
D:1:      dpeg_arrival_erosion, layout_basic, basic_ecumenical_altar
D:2:      layout_loops_cross, serial_shops, nicolae_shop_statue_plus,
          minmay_misc_feat_four_crosses, uniq_jessica
D:3:      layout_loops_ring
D:4:      layout_basic, serial_shops, nicolae_shop_hallway_stairs,
          kennysheep_small_square

Skill      XL: |  1  2  3  4  5 |
---------------+----------------+-----
Spellcasting   | 3 4 |  4.0
Ice Magic      | 5 6 |  6.6
Short Blades   | |  0.3
Dodging        | |  1.5
Stealth        | |  2.4

Action                     |  1- 3 |  4- 6 || total
---------------------------+-------+-------++-------
  Melee: Dagger            |    11 |    10 ||    21
         Bite              |     2 |     2 ||     4
   Cast: Freeze            |    33 |    31 ||    64
         Frozen Ramparts   |     2 |     4 ||     6
    Use: Potion            |       |     3 ||     3
         Scroll            |       |     2 ||     2
   Stab: Sleeping          |     5 |     4 ||     9
 Armour: Robe              |     1 |     2 ||     3
  Dodge: Dodged            |     9 |    22 ||    31
  Block: Other             |     1 |     8 ||     9

Table legend: (Time is in decaauts)
 A = Elapsed time spent in this place.
 B = Non-inter-level travel time spent in this place.
 C = Inter-level travel time spent in this place.
 D = Time resting spent in this place.
 E = Time spent auto-exploring this place.
 F = Levels seen in this place.
 G = Mean time per level.
                   A        B        C        D        E       F      G
               +--------+--------+--------+--------+--------+-----+--------+
         Total |   3124 |   3062 |     62 |    281 |   2379 |   4 |  781.0 |
       Dungeon |   3124 |   3062 |     62 |    281 |   2379 |   4 |  781.0 |
               +--------+--------+--------+--------+--------+-----+--------+

Top non-repeatable levels by time:
     D:1: 1149 daAuts
     D:3: 795 daAuts
     D:2: 669 daAuts
     D:4: 510 daAuts
